NWL (28 & UNDER)
BISMARK BORDER GUARDS @ MENLO MANIACS
07/30/2029
 
TOP OF THE 1ST
Bismark Border Guards batting - Pitching for Menlo Maniacs : RHP Carlos Rodríguez
Pitching: RHP Carlos Rodríguez
Batting: RHB Alfredo Farías 0-0: Called Strike
0-1: Ball
1-1: Ball
2-1: DOUBLE (Line Drive, 9LS)
Batting: LHB Will Hill 0-0: SINGLE (Groundball, 5D)
Alfredo Farías to third
Runner from 3rd tries for Home, SAFE, no throw
Batting: RHB Jackson Gibson 0-0: Called Strike
0-1: Ball
1-1: Called Strike
1-2: Hit by Pitch
Will Hill to second
Batting: LHB Alan Moore 0-0: Ball
1-0: Called Strike
1-1: Fly out, F3 (Popup, 34S)
Batting: RHB Mario Carranza 0-0: Called Strike
0-1: SINGLE (Groundball, 34D)
Will Hill to third
Jackson Gibson to second
Batting: RHB Vincent Braun 0-0: Ball
1-0: Called Strike
1-1: Foul Ball, location: 2F
1-2: Fly out, F9 (Flyball, 9LSF)
Runner from 3rd tags up, SCORES, no throw
Batting: RHB Sergio Solíz 0-0: Foul Ball, location: 2F
0-1: Ball
1-1: Ball
2-1: Fielders Choice at 2nd, 6-4 (Groundball, 6)
Top of the 1st over - 2 runs, 3 hits, 0 errors, 2 left on base; Bismark 2 - Menlo 0
BOTTOM OF THE 1ST
Menlo Maniacs batting - Pitching for Bismark Border Guards : RHP Mark Tidwell
Pitching: RHP Mark Tidwell
Batting: LHB Bernardo Rodríguez 0-0: Foul Ball, location: 2F
0-1: Swinging Strike
0-2: Strikes out swinging
Batting: RHB Jimmy Skinner 0-0: SINGLE (Flyball, 7S)
Batting: LHB Bob Campbell 0-0: Called Strike
0-1: Ball
1-1: Ball
Jimmy Skinner steals 2nd base
2-1: Ball
Jimmy Skinner is caught stealing 3rd base
3-1: Fly out, F7 (Line Drive, 7)
Bottom of the 1st over - 0 runs, 1 hit, 0 errors, 0 left on base; Bismark 2 - Menlo 0
TOP OF THE 2ND
Bismark Border Guards batting - Pitching for Menlo Maniacs : RHP Carlos Rodríguez
Batting: RHB Danny Spode 0-0: Ball
1-0: Fly out, F8 (Flyball, 89M)
Batting: LHB Kelsey Scott 0-0: Ball
1-0: Ground out 3-1 (Groundball, 34S)
Batting: RHB Alfredo Farías 0-0: Ball
1-0: Foul Ball, location: 2F
1-1: Foul Ball, location: 2F
1-2: SINGLE (Line Drive, 7S)
Batting: LHB Will Hill 0-0: Ball
1-0: Called Strike
1-1: Ball
2-1: SINGLE (Groundball, 34D)
Alfredo Farías to second
Runner from 2nd tries for 3rd, SAFE, no throw
Batting: RHB Jackson Gibson 0-0: Called Strike
0-1: Ground out 4-3 (Groundball, 34)
Top of the 2nd over - 0 runs, 2 hits, 0 errors, 2 left on base; Bismark 2 - Menlo 0
BOTTOM OF THE 2ND
Menlo Maniacs batting - Pitching for Bismark Border Guards : RHP Mark Tidwell
Batting: RHB David Adams 0-0: Ball
1-0: Called Strike
1-1: Fly out, F8 (Flyball, 8RM)
Batting: RHB Eleuterio Supardo 0-0: Called Strike
0-1: Ball
1-1: Ball
2-1: Ball
3-1: Fly out, F8 (Flyball, 8RS)
Batting: LHB Alonso Carbajal 0-0: Called Strike
0-1: Ball
1-1: Fly out, F8 (Flyball, 78D)
Bottom of the 2nd over - 0 runs, 0 hits, 0 errors, 0 left on base; Bismark 2 - Menlo 0
TOP OF THE 3RD
Bismark Border Guards batting - Pitching for Menlo Maniacs : RHP Carlos Rodríguez
Batting: LHB Alan Moore 0-0: Ball
1-0: Ball
2-0: Ball
3-0: Fly out, F7 (Flyball, 7S)
Batting: RHB Mario Carranza 0-0: Called Strike
0-1: Ball
1-1: Ball
2-1: Ball
3-1: SINGLE (Groundball, 56D)
Batting: RHB Vincent Braun 0-0: Ball
1-0: Called Strike
1-1: Ball
2-1: Ball
3-1: Fielders Choice at 2nd, 1-6 (Groundball, 13)
Batting: RHB Sergio Solíz 0-0: Ball
1-0: Called Strike
1-1: Ball
2-1: Ball
3-1: SINGLE (Groundball, 3D)
Vincent Braun to second
Runner from 2nd tries for 3rd, SAFE, no throw
Batting: RHB Danny Spode 0-0: Ball
1-0: Called Strike
Throwing error on steal attempt, E2
Vincent Braun scores
Sergio Solíz to third
1-1: Ball
2-1: Ball
3-1: Base on Balls
Batting: LHB Kelsey Scott 0-0: Ball
1-0: Called Strike
1-1: Ball
2-1: Called Strike
2-2: Foul Ball, location: 2F
2-2: Ball
3-2: 3-RUN HOME RUN (Line Drive, 8RD), Distance : 436 ft
Batting: RHB Alfredo Farías 0-0: Called Strike
0-1: Swinging Strike
0-2: Strikes out swinging
Top of the 3rd over - 4 runs, 3 hits, 1 error, 0 left on base; Bismark 6 - Menlo 0
BOTTOM OF THE 3RD
Menlo Maniacs batting - Pitching for Bismark Border Guards : RHP Mark Tidwell
Batting: LHB Ken Smith 0-0: SINGLE (Line Drive, 7S)
Batting: RHB Gerald Miller 0-0: Ball
1-0: Fielders Choice at 2nd, 1-4 (Groundball, 15S)
Batting: RHB Currito Campos 0-0: Called Strike
0-1: Grounds into double play, U3-6 (Groundball, 3L)
Bottom of the 3rd over - 0 runs, 1 hit, 0 errors, 0 left on base; Bismark 6 - Menlo 0
TOP OF THE 4TH
Bismark Border Guards batting - Pitching for Menlo Maniacs : RHP Carlos Rodríguez
Batting: LHB Will Hill 0-0: Called Strike
0-1: Fly out, F9 (Flyball, 9LS)
Batting: RHB Jackson Gibson 0-0: Ball
1-0: Ball
2-0: Ball
3-0: Called Strike
3-1: Base on Balls
Batting: LHB Alan Moore 0-0: Ball
Jackson Gibson steals 2nd base
1-0: Ball
2-0: Swinging Strike
2-1: Foul Ball, location: 2F
2-2: Ball
3-2: Ground out 6-3 (Groundball, 6M)
Jackson Gibson to third
Batting: RHB Mario Carranza 0-0: Ground out 1-3 (Groundball, 13S)
Top of the 4th over - 0 runs, 0 hits, 0 errors, 1 left on base; Bismark 6 - Menlo 0
BOTTOM OF THE 4TH
Menlo Maniacs batting - Pitching for Bismark Border Guards : RHP Mark Tidwell
Batting: LHB Bernardo Rodríguez 0-0: Called Strike
0-1: Ball
1-1: Called Strike
1-2: Strikes out swinging
Batting: RHB Jimmy Skinner 0-0: Ball
1-0: Swinging Strike
1-1: Called Strike
1-2: Ball
2-2: Foul Ball, location: 2F
2-2: Foul Ball, location: 2F
2-2: Strikes out swinging
Batting: LHB Bob Campbell 0-0: Called Strike
0-1: Ball
1-1: Ground out 1-3 (Groundball, 15S)
Bottom of the 4th over - 0 runs, 0 hits, 0 errors, 0 left on base; Bismark 6 - Menlo 0
TOP OF THE 5TH
Bismark Border Guards batting - Pitching for Menlo Maniacs : RHP Carlos Rodríguez
Batting: RHB Vincent Braun 0-0: Ball
1-0: Reached on error, E6 (Groundball, 6)
Pitching: RHP Wayne Todd
Batting: RHB Sergio Solíz 0-0: SINGLE (Flyball, 9S)
Vincent Braun to second
Runner from 2nd tries for 3rd, SAFE, no throw
Batting: RHB Danny Spode 0-0: Ball
1-0: Ball
2-0: Ball
3-0: Called Strike
3-1: Base on Balls
Sergio Solíz to second
Batting: LHB Kelsey Scott 0-0: Foul Ball, location: 2F
0-1: Ball
1-1: Swinging Strike
1-2: Foul Ball, location: 2F
1-2: Strikes out swinging
Batting: RHB Alfredo Farías 0-0: Ball
1-0: Swinging Strike
1-1: Foul Ball, location: 2F
1-2: Strikes out swinging
Batting: LHB Will Hill 0-0: Ball
1-0: Fly out, F7 (Flyball, 7)
Top of the 5th over - 0 runs, 1 hit, 1 error, 3 left on base; Bismark 6 - Menlo 0
BOTTOM OF THE 5TH
Menlo Maniacs batting - Pitching for Bismark Border Guards : RHP Mark Tidwell
Batting: RHB David Adams 0-0: Called Strike
0-1: Ball
1-1: Foul Ball, location: 2F
1-2: Strikes out swinging
Batting: RHB Eleuterio Supardo 0-0: Ball
1-0: Called Strike
1-1: Swinging Strike
1-2: Ground out 4-3 (Groundball, 4)
Batting: LHB Alonso Carbajal 0-0: Called Strike
0-1: Ball
1-1: Foul Ball, location: 2F
1-2: Foul Ball, location: 2F
1-2: Strikes out swinging
Bottom of the 5th over - 0 runs, 0 hits, 0 errors, 0 left on base; Bismark 6 - Menlo 0
TOP OF THE 6TH
Bismark Border Guards batting - Pitching for Menlo Maniacs : RHP Wayne Todd
Batting: RHB Jackson Gibson 0-0: Called Strike
0-1: Ball
1-1: Ball
2-1: Ball
3-1: Base on Balls
Batting: LHB Alan Moore 0-0: Ball
1-0: Ground out U3 (Groundball, 34S)
Jackson Gibson to second
Batting: RHB Mario Carranza 0-0: Called Strike
0-1: Ball
1-1: Swinging Strike
1-2: Ball
2-2: Foul Ball, location: 2F
2-2: Ball
3-2: Reached on error, E7 (Line Drive, 7)
Jackson Gibson to third
Batting: RHB Vincent Braun 0-0: Ball
1-0: Called Strike
1-1: SINGLE (Groundball, 3L) (infield hit)
Jackson Gibson scores
Mario Carranza to second
Batting: RHB Sergio Solíz 0-0: Ball
1-0: Ball
2-0: Reached on error, E1 (Groundball, 13S)
Mario Carranza to third
Vincent Braun to second
Batting: RHB Danny Spode 0-0: Foul Ball, location: 2F
0-1: Ball
1-1: Ball
2-1: Swinging Strike
2-2: Ball
3-2: Foul Ball, location: 2F
3-2: Base on Balls
Mario Carranza scores
Vincent Braun to third
Sergio Solíz to second
Batting: LHB Kelsey Scott 0-0: Ball
1-0: Foul Ball, location: 2F
1-1: Foul Ball, location: 2F
1-2: Fly out, F3 (Line Drive, 3)
Batting: RHB Alfredo Farías 0-0: SINGLE (Groundball, 34D)
Vincent Braun scores
Sergio Solíz to third
Danny Spode to second
Runner from 3rd tries for Home, SAFE, no throw
Batting: LHB Will Hill 0-0: Ball
1-0: Foul Ball, location: 2F
1-1: SINGLE (Flyball, 7LS)
Danny Spode to third
Alfredo Farías to second
Runner from 3rd tries for Home, SAFE, no throw
Batting: RHB Jackson Gibson 0-0: Called Strike
0-1: DOUBLE (Flyball, 78D)
Alfredo Farías scores
Will Hill to third
Batting: LHB Alan Moore 0-0: Ball
1-0: Ball
2-0: DOUBLE (Line Drive, 78D)
Will Hill scores
Jackson Gibson scores
Batting: RHB Mario Carranza 0-0: Foul Ball, location: 2F
0-1: Ball
1-1: Swinging Strike
1-2: Ball
2-2: Ground out 6-3 (Groundball, 6)
Top of the 6th over - 8 runs, 5 hits, 2 errors, 1 left on base; Bismark 14 - Menlo 0
BOTTOM OF THE 6TH
Menlo Maniacs batting - Pitching for Bismark Border Guards : RHP Mark Tidwell
Batting: LHB Ken Smith 0-0: Called Strike
0-1: Ball
1-1: Ball
2-1: Fly out, F7 (Flyball, 78S)
Batting: RHB Gerald Miller 0-0: Ball
1-0: Ball
2-0: Ball
3-0: Called Strike
3-1: Foul Ball, location: 2F
3-2: Base on Balls
Batting: RHB Currito Campos 0-0: Ball
1-0: Ball
2-0: Swinging Strike
2-1: Foul Ball, location: 2F
2-2: Ball
3-2: Base on Balls
Gerald Miller to second
Pinch Hitting: SHB Ryan Holcomb 0-0: Called Strike
0-1: Called Strike
Gerald Miller is caught stealing 3rd base
0-2: Ball
1-2: Foul Ball, location: 2F
1-2: Fielders Choice at 2nd, 6-4 (Groundball, 6)
Bottom of the 6th over - 0 runs, 0 hits, 0 errors, 1 left on base; Bismark 14 - Menlo 0
TOP OF THE 7TH
Bismark Border Guards batting - Pitching for Menlo Maniacs : RHP Wayne Todd
Now at SS: Dani Torres
Batting: RHB Vincent Braun 0-0: Called Strike
0-1: Foul Ball, location: 2F
0-2: Ball
1-2: Foul Ball, location: 2F
1-2: Ball
2-2: Foul Ball, location: 2F
2-2: Foul Ball, location: 2F
2-2: Foul Ball, location: 2F
2-2: Foul Ball, location: 2F
2-2: Ball
3-2: Base on Balls
Pitching: RHP Gerard Gustafson
Batting: RHB Sergio Solíz 0-0: Ball
1-0: Called Strike
1-1: Foul Ball, location: 2F
1-2: Foul Ball, location: 2F
1-2: Strikes out looking
Batting: RHB Danny Spode 0-0: Called Strike
0-1: Ball
1-1: Ball
2-1: Foul Ball, location: 2F
2-2: Ball
3-2: Foul Ball, location: 2F
3-2: Base on Balls
Vincent Braun to second
Batting: LHB Kelsey Scott 0-0: Swinging Strike
0-1: Foul Ball, location: 2F
0-2: Foul Ball, location: 2F
0-2: Strikes out swinging
Batting: RHB Alfredo Farías 0-0: Ball
1-0: SINGLE (Groundball, 56D)
Vincent Braun to third
Danny Spode to second
Runner from 3rd tries for Home, SAFE, no throw
Batting: LHB Will Hill 0-0: Called Strike
0-1: Ball
1-1: Ball
2-1: Ball
3-1: 3-RUN HOME RUN (Flyball, 9D), Distance : 395 ft
Batting: RHB Jackson Gibson 0-0: Called Strike
0-1: Ball
1-1: Called Strike
1-2: Foul Ball, location: 2F
1-2: Ball
2-2: Strikes out swinging
Top of the 7th over - 4 runs, 2 hits, 0 errors, 0 left on base; Bismark 18 - Menlo 0
BOTTOM OF THE 7TH
Menlo Maniacs batting - Pitching for Bismark Border Guards : RHP Mark Tidwell
Now in LF: Oliver Sánchez
Batting: RHB Jimmy Skinner 0-0: Ball
1-0: Foul Ball, location: 2F
1-1: Foul Ball, location: 2F
1-2: Ball
2-2: Ball
3-2: Base on Balls
Batting: LHB Bob Campbell 0-0: Ball
Jimmy Skinner steals 2nd base
1-0: Foul Ball, location: 2F
1-1: Ball
Jimmy Skinner is caught stealing 3rd base
2-1: Ground out 1-3 (Groundball, P)
Batting: RHB David Adams 0-0: Ball
1-0: Ground out 5-3 (Groundball, 56)
Bottom of the 7th over - 0 runs, 0 hits, 0 errors, 0 left on base; Bismark 18 - Menlo 0
TOP OF THE 8TH
Bismark Border Guards batting - Pitching for Menlo Maniacs : RHP Gerard Gustafson
Batting: LHB Alan Moore 0-0: Ball
1-0: Swinging Strike
1-1: Swinging Strike
1-2: Hit by Pitch
Pinch Runner at 1st Juan Viera:
Batting: RHB Mario Carranza 0-0: Called Strike
0-1: Ball
1-1: SINGLE (Groundball, 56D)
Juan Viera to second
Batting: RHB Vincent Braun 0-0: SINGLE (Flyball, 78S)
Juan Viera to third
Mario Carranza to second
Runner from 3rd tries for Home, SAFE, no throw
Batting: RHB Sergio Solíz 0-0: Ball
1-0: Called Strike
1-1: Ball
2-1: Foul Ball, location: 2F
2-2: Ball
3-2: Strikes out swinging
Batting: RHB Danny Spode 0-0: Ball
1-0: Called Strike
1-1: SINGLE (Groundball, 56S) (infield hit)
Mario Carranza to third
Vincent Braun to second
Batting: LHB Kelsey Scott 0-0: Ball
1-0: Called Strike
1-1: Ball
2-1: Ball
3-1: Foul Ball, location: 2F
3-2: Base on Balls
Mario Carranza scores
Vincent Braun to third
Danny Spode to second
Batting: RHB Alfredo Farías 0-0: Called Strike
0-1: Ball
1-1: Ball
2-1: Ball
3-1: Base on Balls
Vincent Braun scores
Danny Spode to third
Kelsey Scott to second
Batting: RHB Oliver Sánchez 0-0: Ball
1-0: Ball
2-0: Ball
3-0: Base on Balls
Danny Spode scores
Kelsey Scott to third
Alfredo Farías to second
Pitching: LHP Marc Sizemore
Batting: RHB Jackson Gibson 0-0: Ball
1-0: Called Strike
1-1: Fly out, F3 (Line Drive, 3)
Batting: LHB Juan Viera 0-0: Ball
1-0: Swinging Strike
1-1: Called Strike
1-2: SINGLE (Groundball, 3L) (infield hit)
Kelsey Scott scores
Alfredo Farías to third
Oliver Sánchez to second
Batting: RHB Mario Carranza 0-0: Called Strike
0-1: Ball
1-1: Ball
2-1: Ball
Wild Pitch!
Alfredo Farías scores
Oliver Sánchez to third
Juan Viera to second
3-1: Called Strike
3-2: Base on Balls
Batting: RHB Vincent Braun 0-0: Swinging Strike
0-1: Ball
1-1: Swinging Strike
1-2: Foul Ball, location: 2F
1-2: Ball
2-2: Ball
3-2: Base on Balls
Oliver Sánchez scores
Juan Viera to third
Mario Carranza to second
Batting: RHB Sergio Solíz 0-0: Ball
1-0: Ball
2-0: Swinging Strike
2-1: Ball
3-1: Base on Balls
Juan Viera scores
Mario Carranza to third
Vincent Braun to second
Batting: RHB Danny Spode 0-0: Called Strike
0-1: Ball
1-1: Called Strike
1-2: Ball
2-2: Ball
3-2: Strikes out swinging
Top of the 8th over - 8 runs, 4 hits, 0 errors, 3 left on base; Bismark 26 - Menlo 0
BOTTOM OF THE 8TH
Menlo Maniacs batting - Pitching for Bismark Border Guards : RHP Mark Tidwell
Now at 1B: Juan Viera
Now at SS: José Vidal
Batting: RHB Eleuterio Supardo 0-0: Ball
1-0: Called Strike
1-1: Ball
2-1: Called Strike
2-2: Fly out, F7 (Flyball, 7)
Batting: LHB Alonso Carbajal 0-0: Called Strike
0-1: SINGLE (Groundball, 6D)
Batting: LHB Ken Smith 0-0: Ball
1-0: Ball
2-0: Ball
3-0: Called Strike
3-1: Called Strike
3-2: Strikes out looking
Batting: RHB Gerald Miller 0-0: Ball
1-0: Ball
2-0: Ball
3-0: Base on Balls
Alonso Carbajal to second
Batting: RHB Currito Campos 0-0: Called Strike
0-1: Ball
1-1: Ball
2-1: Swinging Strike
2-2: Ground out 6-3 (Groundball, 6MD)
Bottom of the 8th over - 0 runs, 1 hit, 0 errors, 2 left on base; Bismark 26 - Menlo 0
TOP OF THE 9TH
Bismark Border Guards batting - Pitching for Menlo Maniacs : LHP Marc Sizemore
Batting: LHB Kelsey Scott 0-0: Swinging Strike
0-1: Foul Ball, location: 2F
0-2: Strikes out swinging
Batting: RHB Alfredo Farías 0-0: Ball
1-0: SINGLE (Line Drive, 89M)
Batting: RHB Oliver Sánchez 0-0: Called Strike
0-1: Ball
1-1: Ball
2-1: Called Strike
2-2: Grounds into double play, 4-6-3 (Groundball, 4)
Top of the 9th over - 0 runs, 1 hit, 0 errors, 0 left on base; Bismark 26 - Menlo 0
BOTTOM OF THE 9TH
Menlo Maniacs batting - Pitching for Bismark Border Guards : RHP Mark Tidwell
Batting: RHB Dani Torres 0-0: SINGLE (Groundball, 56D)
Batting: RHB Jimmy Skinner 0-0: Called Strike
0-1: Swinging Strike
0-2: Ball
1-2: Ball
2-2: Ball
3-2: Foul Ball, location: 2F
3-2: Base on Balls
Dani Torres to second
Pinch Hitting: RHB Joe Noble 0-0: Fly out, F8 (Flyball, 8LD)
Batting: RHB David Adams 0-0: Grounds into double play, 5-4-3 (Groundball, 5)
Bottom of the 9th over - 0 runs, 1 hit, 0 errors, 1 left on base; Bismark 26 - Menlo 0
Saturday, December 16th, 2017 - OOTP Baseball 18.8 Build 76